 Dungeon Crawl Stone Soup version 0.14-a0-736-g2a71271 (webtiles) character file.

138 JacquesDerrida the Chiller (level 3, -2/24 HPs)
             Began as a Demonspawn Ice Elementalist on Nov 7, 2013.
             Slain by Sigmund
             ... wielding a +5,+2 scythe of dragon slaying
              (5 damage)
             ... on Level 2 of the Dungeon.
             The game lasted 00:04:46 (1871 turns).

JacquesDerrida the Chiller (DsIE)                   Turns: 1871, Time: 00:04:46

HP  -2/24        AC  6     Str  9      XL: 3   Next: 71%
MP   1/5         EV 12     Int 16      God:
Gold 82          SH  0     Dex 13      Spells:  1 memorised,  3 levels left

Res.Fire  : . . .   See Invis. : .   i - +0,+1 orc dagger
Res.Cold  : . . .   Warding    : .   a - +0 robe
Life Prot.: . . .   Conserve   : .   (no shield)
Res.Poison: .       Res.Corr.  : .   (no helmet)
Res.Elec. : .       Clarity    : .   (no cloak)
Sust.Abil.: + +     Spirit.Shd : .   (no gloves)
Res.Mut.  : .       Stasis     : .   (no boots)
Res.Rott. : .       Flight     : +   (no amulet)
Saprovore : . . .                    r - ring of sustain abilities {unknown}
                                     l - ring of sustain abilities {unknown}

@: confused, flying, very slightly contaminated, not resistant to hostile
enchantments, unstealthy
A: AC +4
a: no special abilities


You were on level 2 of the Dungeon.
You were not hungry.

You visited 1 branch of the dungeon, and saw 2 of its levels.

You collected 82 gold pieces.

Inventory:

Hand weapons
 i - a +0,+1 orcish dagger (weapon)
Armour
 a - a +0 robe (worn)
Comestibles
 c - a bread ration
 d - a pear
 o - an apple
Scrolls
 e - a scroll of fear {unknown}
 f - a scroll of enchant armour {unknown}
 g - a scroll of blinking {unknown}
 h - a scroll of enchant weapon I {unknown}
 j - a scroll of noise {unknown}
 k - a scroll of remove curse {unknown}
 m - a scroll of enchant weapon II {unknown}
 p - a scroll of identify {unknown}
Jewellery
 l - a ring of sustain abilities (left hand) {unknown}
 r - a ring of sustain abilities (right hand) {unknown}
Books
 b - a book of Frost

   Spells                             Type                      Level
   *Freeze                            Ice                          1
   Throw Frost                        Conjuration/Ice              2
   Ozocubu's Armour                   Charms/Ice                   3
   Throw Icicle                       Conjuration/Ice              4
   Summon Ice Beast                   Ice/Summoning                4
   Condensation Shield                Ice                          4


   Skills:
 - Level 1.7 Dodging
 - Level 1.7 Stealth
 - Level 1.0 Spellcasting
   Level 1.0 Conjurations
 + Level 4.2 Ice Magic


You had 3 spell levels left.
You knew the following spells:

 Your Spells              Type           Power        Failure   Level  Hunger
a - Freeze                Ice            ##..         4%          1    ##.....


Dungeon Overview and Level Annotations

Branches:
Dungeon (2/27)

Altars:

Annotations:
D:2 Sigmund


Innate Abilities, Weirdness & Mutations

You are partially covered in iridescent scales (AC +4).


Message History

You're too confused to cast spells.
Sorry, you're not good enough to have a special ability.
It hits you.
You hear some strange, mumbled words.
You are more confused.
You swing at nothing.
You hear a zap.
Something tries to affect you, but you resist.
You swing at nothing.
You hear a zap.
You are more confused.
You swing at nothing.
It hits you.
You miss it.
You swing at nothing.
It hits you!
You swing at nothing.
You hear some strange, mumbled words.
The puff of flame hits you!
* * * LOW HITPOINT WARNING * * *
You swing at nothing.
It hits you.
You die...

..#####..........###..+.......#
..# #.........## ##.#.......#
..# #.........# #.........# ###
#####...### ###..+##### #..##
#+# ##..# #..# +.+ #..# ## #).#
##.## ##..# .#
##..###.#.###...# .#
#....@.#.....#..# .#
#.###.###.#####.# .# . #.....#
.# .# #.# ####### .. .# #.# #.#
## #.# .# # #.# # #.# #.# .#


There were no monsters in sight!

Vanquished Creatures
  An adder (D:2)
  2 giant geckos (D:1)
  2 oozes
  7 bats
  3 giant cockroaches
  4 goblins
  6 hobgoblins
  6 kobolds
  A quokka (D:2)
  2 ball pythons (D:2)
  2 giant newts
  5 rats
41 creatures vanquished.

Notes
Turn   | Place    | Note
--------------------------------------------------------------
     0 | D:1      | JacquesDerrida, the Demonspawn Ice Elementalist, began the quest for the Orb.
     0 | D:1      | Reached XP level 1. HP: 13/13 MP: 3/3
     3 | D:1      | Noticed a shark
     3 | D:1      | Noticed a shark
   148 | D:1      | Reached skill level 3 in Ice Magic
   179 | D:1      | Gained mutation: You are partially covered in iridescent scales (AC +4). [demonic ancestry]
   179 | D:1      | Reached XP level 2. HP: 14/19 MP: 4/4
   868 | D:1      | Reached XP level 3. HP: 24/24 MP: 2/5
  1089 | D:2      | Reached skill level 4 in Ice Magic
  1206 | D:2      | HP: 1/24 [poisoned by an adder]
  1843 | D:2      | Noticed Sigmund
  1871 | D:2      | Slain by Sigmund

Action                   || total
-------------------------++-------
Melee: Dagger            ||    48
       Unarmed           ||     8
 Cast: Freeze            ||    58
  Use: Potion            ||     4
